SKY
VIRGINIA BLACK BEARS @ NEW YORK METS
08/15/2052
 
TOP OF THE 1ST
Virginia Black Bears batting - Pitching for New York Mets : LHP Nick Coppa
Pitching: LHP Nick Coppa
Batting: RHB José Rosendin 0-0: Ball
1-0: Swinging Strike
1-1: Foul Ball, location: 5DF
1-2: Ball
2-2: Ball
3-2: Foul Ball, location: 25FF
3-2: Strikes out swinging
Batting: RHB Rodd Marshall 0-0: Called Strike
0-1: Ball
1-1: Foul Ball, location: 9LSF
1-2: Ball
2-2: Foul Ball, location: 9LMF
2-2: Strikes out looking
Batting: LHB Reuben Brellana 0-0: Ball
1-0: Ball
2-0: Called Strike
2-1: Fly out, F5 (Popup, 5S, EV 81.9 MPH)
Top of the 1st over - 0 runs, 0 hits, 0 errors, 0 left on base; Virginia 0 - New York 0
BOTTOM OF THE 1ST
New York Mets batting - Pitching for Virginia Black Bears : RHP Chase Erickson
Pitching: RHP Chase Erickson
Batting: LHB Elih Zelaya 0-0: Called Strike
0-1: SOLO HOME RUN (Flyball, 89XD, EV 101.3 MPH), Distance : 411 ft
Batting: RHB Javin Hall 0-0: Ball
1-0: Called Strike
1-1: Ball
2-1: SINGLE (Line Drive, 4D, EV 96.3 MPH)
Batting: LHB Earl Jones 0-0: Called Strike
0-1: Ball
1-1: Called Strike
1-2: Foul Ball, location: 9LSF, Error on foul ball, E9
1-2: Fly out, F8 (Line Drive, 78M, EV 91.9 MPH)
Batting: RHB Tyler McCaughey 0-0: Ball
1-0: Called Strike
1-1: Fly out, F3 (Popup, 3S, EV 76.9 MPH)
Batting: SHB Emmanuel González 0-0: SINGLE (Line Drive, 8LS, EV 88.1 MPH)
Javin Hall to second
Batting: RHB Jonathan Mitchell 0-0: Fly out, F9 (Flyball, 9D, EV 73.8 MPH)
Bottom of the 1st over - 1 run, 3 hits, 1 error, 2 left on base; Virginia 0 - New York 1
TOP OF THE 2ND
Virginia Black Bears batting - Pitching for New York Mets : LHP Nick Coppa
Batting: RHB Franklin Bailey 0-0: Ball
1-0: Called Strike
1-1: Swinging Strike
1-2: Ball
2-2: Foul Ball, location: 25FF
2-2: Strikes out swinging
Batting: RHB Victor Bautista 0-0: Called Strike
0-1: Foul Ball, location: 7LMF
0-2: Ball
1-2: Ball
2-2: Strikes out swinging
Batting: RHB Vic Berumen 0-0: Called Strike
0-1: Ball
1-1: Ground out 6-3 (Groundball, 6, EV 87.5 MPH)
Top of the 2nd over - 0 runs, 0 hits, 0 errors, 0 left on base; Virginia 0 - New York 1
BOTTOM OF THE 2ND
New York Mets batting - Pitching for Virginia Black Bears : RHP Chase Erickson
Batting: LHB Cody Phillips 0-0: Called Strike
0-1: Swinging Strike
0-2: Fly out, F8 (Line Drive, 8LM, EV 108.1 MPH)
Batting: RHB Jeremy Zimmerman 0-0: SINGLE (Groundball, 5L, EV 81.3 MPH) (infield hit)
Batting: LHB Enrique Reyna 0-0: Swinging Strike
0-1: Swinging Strike
0-2: Ball
1-2: Foul Ball, location: 3DF
1-2: Strikes out looking
Batting: LHB Elih Zelaya 0-0: Ball
Jeremy Zimmerman is caught stealing 2nd base 2-6
Bottom of the 2nd over - 0 runs, 1 hit, 0 errors, 0 left on base; Virginia 0 - New York 1
TOP OF THE 3RD
Virginia Black Bears batting - Pitching for New York Mets : LHP Nick Coppa
Batting: RHB Jordan Christiansen 0-0: Ball
1-0: Ball
2-0: Called Strike
2-1: SOLO HOME RUN (Flyball, 78XD, EV 110.6 MPH), Distance : 430 ft
Batting: RHB Celso Deida 0-0: Ball
1-0: Called Strike
1-1: Foul Ball, location: 9LDF
1-2: Foul Ball, location: 9LMF
1-2: Foul Ball, location: 3F
1-2: Strikes out swinging, 2-3 out at first.
Batting: LHB Daniel Corona 0-0: Called Strike
0-1: Swinging Strike
0-2: Ground out 5-3 (Groundball, 5S, EV 69.4 MPH)
Batting: RHB José Rosendin 0-0: Called Strike
0-1: Ball
1-1: Foul Ball, location: 9LDF
1-2: Ball
2-2: Ball
3-2: Foul Ball, location: 2F
3-2: Fly out, F7 (Flyball, 7, EV 87.5 MPH)
Top of the 3rd over - 1 run, 1 hit, 0 errors, 0 left on base; Virginia 1 - New York 1
BOTTOM OF THE 3RD
New York Mets batting - Pitching for Virginia Black Bears : RHP Chase Erickson
Batting: LHB Elih Zelaya 0-0: Ball
1-0: Called Strike
1-1: Ball
2-1: Ball
3-1: Foul Ball, location: 5SF
3-2: SINGLE (Groundball, 34D, EV 107.5 MPH)
Batting: RHB Javin Hall 0-0: Called Strike
0-1: Ball
1-1: Swinging Strike
1-2: Strikes out swinging
Batting: LHB Earl Jones 0-0: Ball
1-0: Ball
2-0: Ball
3-0: Base on Balls
Elih Zelaya to second
Batting: RHB Tyler McCaughey 0-0: Called Strike
0-1: Foul Ball, location: 9LDF
0-2: Hit by Pitch
Elih Zelaya to third
Earl Jones to second
Batting: SHB Emmanuel González 0-0: Fly out, F7 (Flyball, 78S, EV 74.4 MPH)
Batting: RHB Jonathan Mitchell 0-0: Called Strike
0-1: Ball
1-1: Ball
Wild Pitch!
Elih Zelaya scores
Earl Jones to third
Tyler McCaughey to second
2-1: Foul Ball, location: 2F
2-2: Fly out, F7 (Flyball, 7D, EV 96.9 MPH)
Bottom of the 3rd over - 1 run, 1 hit, 0 errors, 2 left on base; Virginia 1 - New York 2
TOP OF THE 4TH
Virginia Black Bears batting - Pitching for New York Mets : LHP Nick Coppa
Batting: RHB Rodd Marshall 0-0: Called Strike
0-1: Called Strike
0-2: Ball
1-2: Ball
2-2: SINGLE (Groundball, 34S, EV 71.3 MPH) (infield hit)
Batting: LHB Reuben Brellana 0-0: Ball
Rodd Marshall is caught stealing 2nd base 2-6
1-0: Ball
2-0: Foul Ball, location: 2F
2-1: Called Strike
2-2: Strikes out looking
Batting: RHB Franklin Bailey 0-0: Called Strike
0-1: Ball
1-1: Ball
2-1: SOLO HOME RUN (Flyball, 78XD, EV 103.1 MPH), Distance : 391 ft
Batting: RHB Victor Bautista 0-0: Ball
1-0: Fly out, F9 (Line Drive, 89M, EV 98.1 MPH)
Top of the 4th over - 1 run, 2 hits, 0 errors, 0 left on base; Virginia 2 - New York 2
BOTTOM OF THE 4TH
New York Mets batting - Pitching for Virginia Black Bears : RHP Chase Erickson
Batting: LHB Cody Phillips 0-0: Called Strike
0-1: Ground out 5-3 (Groundball, 6S, EV 88.1 MPH)
Batting: RHB Jeremy Zimmerman 0-0: Called Strike
0-1: Foul Ball, location: 5F
0-2: Ball
1-2: Foul Ball, location: 9LDF
1-2: Strikes out swinging
Batting: LHB Enrique Reyna 0-0: Ball
1-0: Foul Ball, location: 7LMF
1-1: Called Strike
1-2: Foul Ball, location: 7LMF
1-2: Fly out, F4 (Popup, 4MD, EV 50.6 MPH)
Bottom of the 4th over - 0 runs, 0 hits, 0 errors, 0 left on base; Virginia 2 - New York 2
TOP OF THE 5TH
Virginia Black Bears batting - Pitching for New York Mets : LHP Nick Coppa
Batting: RHB Vic Berumen 0-0: Swinging Strike
0-1: Foul Ball, location: 2LF
0-2: Ground out U3 (Groundball, 34, EV 104.4 MPH)
Batting: RHB Jordan Christiansen 0-0: Called Strike
0-1: Ball
1-1: Foul Ball, location: 5SF
1-2: Ball
2-2: Fly out, F3 (Popup, 3SF, EV 81.9 MPH)
Batting: RHB Celso Deida 0-0: Called Strike
0-1: Ball
1-1: Foul Ball, location: 2F
1-2: Fly out, F9 (Flyball, 9, EV 91.9 MPH)
Top of the 5th over - 0 runs, 0 hits, 0 errors, 0 left on base; Virginia 2 - New York 2
BOTTOM OF THE 5TH
New York Mets batting - Pitching for Virginia Black Bears : RHP Chase Erickson
Batting: LHB Elih Zelaya 0-0: SINGLE (Line Drive, 89S, EV 86.9 MPH)
Batting: RHB Javin Hall 0-0: SINGLE (Line Drive, 89S, EV 105.6 MPH)
Elih Zelaya to second
Batting: LHB Earl Jones 0-0: Foul Ball, location: 2F
0-1: Swinging Strike
0-2: Ball
1-2: Foul Ball, location: 2F
1-2: Foul Ball, location: 2F
1-2: Fly out, F8 (Flyball, 8LXD, EV 105.6 MPH)
Runner from 2nd tags up, SAFE at 3rd, no throw by CF
Batting: RHB Tyler McCaughey 0-0: Ball
1-0: Foul Ball, location: 5SF
1-1: Swinging Strike
1-2: Ball
2-2: Ball
3-2: Grounds into double play, 6-4-3 (Groundball, 6, EV 87.5 MPH)
Bottom of the 5th over - 0 runs, 2 hits, 0 errors, 1 left on base; Virginia 2 - New York 2
TOP OF THE 6TH
Virginia Black Bears batting - Pitching for New York Mets : LHP Nick Coppa
Batting: LHB Daniel Corona 0-0: Ball
1-0: Called Strike
1-1: Foul Ball, location: 3F
1-2: Ball
2-2: Ball
3-2: Base on Balls
Batting: RHB José Rosendin 0-0: Ball
1-0: SINGLE (Groundball, 4D, EV 102.5 MPH)
Daniel Corona to second
Runner from 2nd tries for 3rd, SAFE, throw by RF made to third
Batting: RHB Rodd Marshall 0-0: Bunt missed!
0-1: Foul Ball, location: 7LDF
0-2: Ball
1-2: Strikes out swinging
Batting: LHB Reuben Brellana 0-0: Ball
1-0: Ball
2-0: Ball
3-0: Called Strike
3-1: Base on Balls
José Rosendin to second
Batting: RHB Franklin Bailey 0-0: Ball
1-0: Reached on error, E5 (Groundball, 5L, EV 93.8 MPH)
Daniel Corona scores
José Rosendin to third
Reuben Brellana to second
Pitching: RHP Xavier Valdiviezo
Batting: RHB Victor Bautista 0-0: SINGLE (Line Drive, 78M, EV 106.3 MPH)
José Rosendin scores
Reuben Brellana to third
Franklin Bailey to second
Batting: RHB Vic Berumen 0-0: Grounds into fielders choice 6-2 (Groundball, 6, EV 99.4 MPH)
Franklin Bailey to third
Victor Bautista to second
Batting: RHB Jordan Christiansen 0-0: Called Strike
0-1: Ball
1-1: Called Strike
1-2: Strikes out swinging
Top of the 6th over - 2 runs, 2 hits, 1 error, 3 left on base; Virginia 4 - New York 2
BOTTOM OF THE 6TH
New York Mets batting - Pitching for Virginia Black Bears : RHP Chase Erickson
Batting: SHB Emmanuel González 0-0: Called Strike
0-1: Hit by Pitch
Batting: RHB Jonathan Mitchell 0-0: Foul Ball, location: 9LDF
0-1: Foul Ball, location: 3FF
0-2: Ball
1-2: Ball
2-2: Ball
3-2: SINGLE (Groundball, 6MD, EV 106.9 MPH)
Emmanuel González to second
Batting: LHB Cody Phillips 0-0: Ball
1-0: Bunt - Flyout to 2R! F2
Batting: RHB Jeremy Zimmerman 0-0: Called Strike
0-1: Foul Ball, location: 9LMF
0-2: Ball
1-2: Ball
2-2: Strikes out swinging
Batting: LHB Enrique Reyna 0-0: Called Strike
0-1: Called Strike
0-2: Strikes out swinging
Bottom of the 6th over - 0 runs, 1 hit, 0 errors, 2 left on base; Virginia 4 - New York 2
TOP OF THE 7TH
Virginia Black Bears batting - Pitching for New York Mets : RHP Xavier Valdiviezo
Batting: RHB Celso Deida 0-0: Ball
1-0: Foul Ball, location: 2F
1-1: Foul Ball, location: 2LF
1-2: Ball
2-2: Fly out, F8 (Flyball, 89M, EV 85.0 MPH)
Batting: LHB Daniel Corona 0-0: Called Strike
0-1: Ball
1-1: Swinging Strike
1-2: Ball
2-2: Foul Ball, location: 2F
2-2: Ball
3-2: Strikes out swinging
Batting: RHB José Rosendin 0-0: Foul Ball, location: 7LSF
0-1: Called Strike
0-2: Ball
1-2: DOUBLE (Line Drive, 9LM, EV 100.6 MPH)
Batting: RHB Rodd Marshall 0-0: Called Strike
0-1: Ball
1-1: Ball
2-1: Called Strike
2-2: Fly out, F8 (Flyball, 8RXD, EV 102.5 MPH)
Top of the 7th over - 0 runs, 1 hit, 0 errors, 1 left on base; Virginia 4 - New York 2
BOTTOM OF THE 7TH
New York Mets batting - Pitching for Virginia Black Bears : RHP Chase Erickson
Batting: LHB Elih Zelaya 0-0: Ground out 4-3 (Groundball, 34D, EV 103.1 MPH)
Batting: RHB Javin Hall 0-0: Ball
1-0: Foul Ball, location: 9LSF
1-1: SINGLE (Line Drive, 8RS, EV 99.4 MPH)
Pitching: RHP Tommy Pine
Batting: LHB Earl Jones 0-0: Ball
1-0: DOUBLE (Line Drive, 78XD, EV 110.6 MPH)
Javin Hall to third
Pinch Hitting: LHB Bobby Crooks 0-0: Ball
1-0: Single, Error in OF, E8, batter to second base (Groundball, 4MD, EV 101.3 MPH)
Javin Hall scores
Earl Jones scores
Batting: SHB Emmanuel González 0-0: Swinging Strike
0-1: Foul Ball, location: 2F
0-2: Ball
1-2: Fly out, F7 (Flyball, 78M, EV 89.4 MPH)
Batting: RHB Jonathan Mitchell 0-0: Swinging Strike
0-1: Called Strike
0-2: Foul Ball, location: 2F
0-2: Ball
1-2: Foul Ball, location: 9LMF
1-2: Ball
2-2: Ball
3-2: Foul Ball, location: 2F
3-2: Ground out 5-3 (Groundball, 56, EV 93.8 MPH)
Bottom of the 7th over - 2 runs, 3 hits, 1 error, 1 left on base; Virginia 4 - New York 4
TOP OF THE 8TH
Virginia Black Bears batting - Pitching for New York Mets : RHP Xavier Valdiviezo
Pitching: LHP J.D. Taylor
Now at 1B: Bobby Crooks
Pinch Hitting: RHB Marco Palma 0-0: Swinging Strike
0-1: Called Strike
0-2: Foul Ball, location: 3SF
0-2: Foul Ball, location: 2F
0-2: Ground out 6-3 (Groundball, 6, EV 100.0 MPH)
Batting: RHB Franklin Bailey 0-0: Ball
1-0: Swinging Strike
1-1: Ball
2-1: Ball
3-1: Foul Ball, location: 2F
3-2: Foul Ball, location: 7LMF
3-2: Strikes out swinging
Batting: RHB Victor Bautista 0-0: Ball
1-0: Foul Ball, location: 23F
1-1: Ball
2-1: Called Strike
2-2: Ball
3-2: Ground out 6-3 (Groundball, 6, EV 90.6 MPH)
Top of the 8th over - 0 runs, 0 hits, 0 errors, 0 left on base; Virginia 4 - New York 4
BOTTOM OF THE 8TH
New York Mets batting - Pitching for Virginia Black Bears : RHP Tommy Pine
Now at 1B: Marco Palma
Batting: LHB Cody Phillips 0-0: Called Strike
0-1: Called Strike
0-2: Foul Ball, location: 2F
0-2: Fly out, F8 (Flyball, 8RS, EV 91.9 MPH)
Pinch Hitting: LHB Gonzalo Morzaroti 0-0: Ball
1-0: Ball
2-0: Foul Ball, location: 7LSF
2-1: Ground out U3 (Groundball, 3, EV 107.5 MPH)
Batting: LHB Enrique Reyna 0-0: DOUBLE (Flyball, 8LXD, EV 111.9 MPH)
Batting: LHB Elih Zelaya 0-0: Ball
1-0: Ground out 4-3 (Groundball, 4, EV 82.5 MPH)
Bottom of the 8th over - 0 runs, 1 hit, 0 errors, 1 left on base; Virginia 4 - New York 4
TOP OF THE 9TH
Virginia Black Bears batting - Pitching for New York Mets : LHP J.D. Taylor
Now in CF: Dennis Hardwick
Batting: RHB Vic Berumen 0-0: Called Strike
0-1: Ball
1-1: Foul Ball, location: 9LMF
1-2: Ball
2-2: Strikes out swinging
Batting: RHB Jordan Christiansen 0-0: Ball
1-0: Ball
2-0: Fly out, F6 (Line Drive, 6, EV 73.1 MPH)
Batting: RHB Celso Deida 0-0: Ball
1-0: Foul Ball, location: 2F
1-1: Foul Ball, location: 5F
1-2: Foul Ball, location: 5FF
1-2: Strikes out looking
Top of the 9th over - 0 runs, 0 hits, 0 errors, 0 left on base; Virginia 4 - New York 4
BOTTOM OF THE 9TH
New York Mets batting - Pitching for Virginia Black Bears : RHP Tommy Pine
Pitching: RHP R.J. Slaven
Batting: RHB Javin Hall 0-0: SINGLE (Groundball, 4MD, EV 97.5 MPH)
Batting: LHB Earl Jones 0-0: Ball
1-0: Ball
2-0: Ball
3-0: Called Strike
3-1: Called Strike
3-2: Foul Ball, location: 2F
3-2: Strikes out swinging
Batting: LHB Bobby Crooks 0-0: Ball
1-0: Foul Ball, location: 2F
1-1: Swinging Strike
1-2: Ball
2-2: Ball
3-2: Foul Ball, location: 2F
3-2: Fly out, F9 (Flyball, 9, EV 96.9 MPH)
Batting: SHB Emmanuel González 0-0: Fly out, F5 (Popup, 25F, EV 88.1 MPH)
Bottom of the 9th over - 0 runs, 1 hit, 0 errors, 1 left on base; Virginia 4 - New York 4
TOP OF THE 10TH
Virginia Black Bears batting - Pitching for New York Mets : LHP J.D. Taylor
Batting: LHB Daniel Corona 0-0: Ground out 4-3 (Groundball, 34, EV 102.5 MPH)
Batting: RHB José Rosendin 0-0: Called Strike
0-1: Foul Ball, location: 23FF
0-2: Ball
1-2: Strikes out swinging
Batting: RHB Rodd Marshall 0-0: Called Strike
0-1: Ball
1-1: Swinging Strike
1-2: Strikes out swinging
Top of the 10th over - 0 runs, 0 hits, 0 errors, 0 left on base; Virginia 4 - New York 4
BOTTOM OF THE 10TH
New York Mets batting - Pitching for Virginia Black Bears : RHP R.J. Slaven
Batting: RHB Jonathan Mitchell 0-0: Called Strike
0-1: Ball
1-1: Ball
2-1: DOUBLE (Line Drive, 7LS, EV 95.6 MPH)
Batting: LHB Cody Phillips 0-0: Bunted foul
0-1: Bunted foul
0-2: Ball
1-2: Strikes out swinging
Batting: RHB Dennis Hardwick 0-0: Called Strike
0-1: Foul Ball, location: 5FF
0-2: Strikes out swinging
Batting: LHB Enrique Reyna 0-0: Ball
1-0: Swinging Strike
1-1: Called Strike
1-2: Strikes out looking
Bottom of the 10th over - 0 runs, 1 hit, 0 errors, 1 left on base; Virginia 4 - New York 4
TOP OF THE 11TH
Virginia Black Bears batting - Pitching for New York Mets : LHP J.D. Taylor
Pitching: RHP Zachary Flaherty
Batting: RHB Marco Palma 0-0: Ball
1-0: Ball
2-0: Ball
3-0: Called Strike
3-1: Swinging Strike
3-2: SINGLE (Line Drive, 6M, EV 98.8 MPH)
Batting: RHB Franklin Bailey 0-0: Called Strike
Marco Palma is caught stealing 2nd base 2-4
0-1: Foul Ball, location: 9LDF
0-2: Strikes out swinging
Batting: RHB Victor Bautista 0-0: Ground out 5-3 (Groundball, 5, EV 83.1 MPH)
Top of the 11th over - 0 runs, 1 hit, 0 errors, 0 left on base; Virginia 4 - New York 4
BOTTOM OF THE 11TH
New York Mets batting - Pitching for Virginia Black Bears : RHP R.J. Slaven
Batting: LHB Elih Zelaya 0-0: Ground out 4-3 (Groundball, 4M, EV 88.8 MPH)
Batting: RHB Javin Hall 0-0: Ball
1-0: Ball
2-0: Swinging Strike
2-1: Called Strike
2-2: Ball
3-2: Base on Balls
Batting: LHB Earl Jones 0-0: Called Strike
0-1: 2-RUN HOME RUN (Flyball, 7D, EV 101.3 MPH), Distance : 375 ft
Bottom of the 11th over - 2 runs, 1 hit, 0 errors, 0 left on base; Virginia 4 - New York 6
Friday, May 3rd , 2024 - OOTP Baseball 24.11 Build 85